 Dungeon Crawl Stone Soup version 0.27-a0-1140-g099f9bb0e8 (webtiles) character file.

Game seed: 11748529999756047339

2691 jasper the Ducker (level 9, -9/66 HPs)
             Began as a Djinni Transmuter on May 9, 2021.
             Was a Believer of Cheibriados.
             Killed from afar by an electric eel (11 damage)
             ... with a bolt of electricity
             ... on level 7 of the Dungeon.
             The game lasted 00:23:02 (11040 turns).

jasper the Ducker (Djinni Transmuter)              Turns: 11040, Time: 00:23:02

Health: -9/66      AC:  4    Str: 14    XL:     9   Next: 65%
Gold:   259        EV: 16    Int: 23    God:    Cheibriados [**....] SH:  0 Dex: 19

rFire    + + .     SeeInvis .     - Unarmed
rCold    x . .     Faith    .   (no shield)
rNeg     + . .     Spirit   .   a - +0 robe
rPois    ∞         Reflect  .   r - +1 helmet
rElec    .         Harm     .   (no cloak)
rCorr    .         Rampage  .   (no gloves)
Will     .....                  (boots unavailable)
Stlth    ++........             (no amulet)
HPRegen  0.21/turn              t - ring of positive energy
MPRegen  0.00/turn              (no ring)

@: flying, very slow
A: sickness immunity, fire resistance 2, cold vulnerability 1, float, innate
caster, hp casting, extra vitality 1
a: Renounce Religion, Bend Time


You were on level 7 of the Dungeon.
You worshipped Cheibriados.
Cheibriados was pleased with you.
You visited 2 branches of the dungeon, and saw 8 of its levels.
You also visited: Sewer.

You collected 281 gold pieces.
You spent 22 gold pieces at shops.

Inventory:

Hand Weapons
 k - a +2 dagger of venom
Missiles
 f - 138 stones (quivered)
 s - 4 boomerangs of dispersal
Armour
 a - a +0 robe (worn)
 c - a +0 ring mail
 i - a scarf of repulsion
 o - a +0 cloak
 r - a +1 helmet (worn)
Magical Staves
 h - a staff of earth
Jewellery
 q - an amulet of magic regeneration
 t - a ring of positive energy (left hand)
 v - a ring of fire
Wands
 d - a wand of acid (2)
Scrolls
 e - 2 scrolls of enchant armour
 g - 2 scrolls of enchant weapon
 l - 3 scrolls of fog
 m - a scroll of torment {unknown}
 x - 2 scrolls of holy word
Potions
 b - 2 potions of flight
 j - a potion of berserk rage
 n - 2 potions of curing
 p - 2 potions of lignification {unknown}
 u - 2 potions of might {unknown}
 w - a potion of haste {unknown}


   Skills:
 + Level 6.1 Fighting
 + Level 7.0 Dodging
 + Level 6.7 Unarmed Combat
 * Level 6.5 Spellcasting


You couldn't memorise any spells.
You knew the following spells:

 Your Spells              Type           Power      Damage    Failure   Level
a - Beastly Appendage     Tmut           74%        N/A       1%          1
b - Wereblood             Tmut           37%        N/A       1%          2
c - Spider Form           Tmut/Pois      18%        N/A       1%          3
d - Ice Form              Ice/Tmut       37%        N/A       5%          4
e - Hydra Form            Tmut           18%        N/A       16%         5
f - Animate Skeleton      Necr           74%        N/A       1%          1
g - Static Discharge      Conj/Air       37%        N/A       1%          2
h - Summon Guardian Gole  Hex/Summ       37%        N/A       1%          3
i - Lesser Beckoning      Tloc           18%        N/A       1%          3
Your spell library was empty.

Dungeon Overview and Level Annotations

Branches:
Dungeon (7/15)             Temple (1/1) D:5           Sewer (visited)

Altars:
Cheibriados
Hepliaklqana
Kikubaaqudgha
Ru
Vehumet
Wu Jian
Zin

Shops:
D:1 ?   D:5 [=*=*   D:6 *


Innate Abilities, Weirdness & Mutations

You are immune to sickness and miasma.
You are immune to poison.
Your flesh is very heat resistant. (rF++)
You are vulnerable to cold. (rC-)
You float through the air rather than walking.
You learn spells naturally, not from books.
Your magical power is your life essence.
You have superior vitality. (+4 HP)


Message History

Your transformation is almost over.
An electric eel comes into view.
Health restored: 79 You can't wear anything in your present form.
Unknown command.
An electric eel comes into view.
The electric eel shoots out a bolt of lightning at you!
The bolt of electricity hits the plant!
The plant begins to die.
The bolt of electricity hits the plant!
The plant begins to die.
The bolt of electricity hits you.
You take 6 damage, and have 73/79 hp.
You warm up again.
Your +1 helmet unmelds from your body.
Your +0 robe unmelds from your body.
You now have 61/66 hp.
The electric eel shoots out a bolt of lightning at you!
The bolt of electricity misses you.
An electric eel comes into view.
The electric eel shoots out a bolt of lightning at you!
The bolt of electricity misses you.
A nearby plant withers and dies. x2
The electric eel shoots out a bolt of lightning at you!
The bolt of electricity hits you!
The electric eel shoots out a bolt of lightning at you!
The bolt of electricity hits the electric eel.
The electric eel completely resists.
The bolt of electricity hits you.
The electric eel shoots out a bolt of lightning at you!
The bolt of electricity hits the electric eel.
The electric eel completely resists.
The bolt of electricity hits you!
You take 25 damage, and have 37/66 hp.
MASSIVE DAMAGE!!
The electric eel shoots out a bolt of lightning at you!
The bolt of electricity misses you. The bolt of electricity hits you!
The electric eel shoots out a bolt of lightning at you!
The bolt of electricity hits the plant!
The plant begins to die.
The bolt of electricity hits you!
* * * LOW HITPOINT WARNING * * *
The electric eel shoots out a bolt of lightning at you!
The bolt of electricity hits the plant!
The bolt of electricity hits you!
* * * LOW HITPOINT WARNING * * *
The bolt of electricity hits you!
You die...
P≈≈≈≈≈♣ #.# #........# P≈≈P≈PP

♣###.####........# ≈≈≈≈≈≈≈
♣......[.........#
♣P≈≈P≈P♣♣....#.#.........#
≈≈≈≈≈≈≈♣≈###.#.#.........#
≈≈≈≈≈≈P♣≈♣...#.#..........
≈≈≈≈≈≈≈≈♣≈...............#
≈≈≈≈≈≈≈≈≈≈...#.#..........
≈≈≈≈≈≈≈;≈@##.#.#........##
≈≈≈≈≈≈≈♣≈♣##.#.#........#
≈≈≈≈≈≈P≈≈♣ #.# #........#
≈≈≈≈;≈≈≈♣≈ #.# ##.......#
≈≈≈≈≈≈≈≈ ≈# .# #.......###
≈≈;≈≈≈≈≈ ♣# #..........
≈≈≈≈PP≈≈ #.......###
≈≈≈≈P≈ #.......# #.......#


You could see 3 electric eels.

Vanquished Creatures
  Eustachio (D:5)
  2 water moccasins
  A hornet zombie (D:7)
  2 necrophages
  A black bear (D:2)
  An orc warrior (D:5)
  A sky beast (D:6)
  2 ogres
  Blork the orc (D:5)
  A bullfrog (Sewer)
  A wyvern zombie (D:6)
  2 scorpions
  2 water moccasin zombies (D:6)
  A wyvern skeleton (D:7)
  4 wights (D:6)
  An electric eel (D:7)
  3 centaur zombies (D:6)
  A human zombie (D:6)
  4 hounds
  A bullfrog zombie (D:5)
  3 jellies
  A gnoll shaman (D:6)
  4 orc priests
  Ijyb (D:3)
  5 orc wizards
  2 killer bee zombies
  3 hound skeletons
  8 adders
  A howler monkey skeleton (D:7)
  A shadow imp (D:7)
  3 ufetubi
  2 worms
  20 orcs
  2 endoplasms (D:1)
  12 giant cockroaches
  9 goblins
  4 hobgoblins
  9 quokkas
  6 ball pythons
  6 bats
  12 frilled lizards
  8 kobolds
  6 rats
161 creatures vanquished.

Vanquished Creatures (others)
  13 plants
13 creatures vanquished.

Grand Total: 174 creatures vanquished

Notes
Turn   | Place    | Note
-------+----------+-------------------------------------------
     0 | D:1      | jasper the Djinni Transmuter began the quest for the Orb.
     0 | D:1      | Reached XP level 1. HP: 17/17 MP: 0/0
   448 | D:1      | Reached XP level 2. HP: 21/22 MP: 0/0
  1091 | D:1      | Found a faded altar of an unknown god.
  1136 | D:1      | Found Boer's Magic Scroll Emporium.
  1144 | D:1      | Bought a scroll of identify for 22 gold pieces
  1695 | D:2      | Reached XP level 3. HP: 20/28 MP: 0/0
  1695 | D:2      | Learned a level 1 spell: Animate Skeleton
  2287 | D:2      | Noticed a black bear
  2389 | D:2      | Killed a black bear
  2390 | D:2      | Reached skill level 3 in Dodging
  2390 | D:2      | Reached XP level 4. HP: 20/34 MP: 0/0
  2390 | D:2      | Reached XP level 5. HP: 23/39 MP: 0/0
  2390 | D:2      | Learned a level 2 spell: Static Discharge
  3734 | D:3      | Noticed Ijyb
  3753 | D:3      | Killed Ijyb
  4766 | D:3      | Reached XP level 6. HP: 33/46 MP: 0/0
  5191 | D:4      | Reached skill level 4 in Dodging
  5888 | D:4      | Noticed a water moccasin
  5891 | D:4      | Killed a water moccasin
  5892 | D:4      | Reached XP level 7. HP: 47/50 MP: 0/0
  5892 | D:4      | Learned a level 3 spell: Summon Guardian Golem
  6261 | D:5      | Entered Level 5 of the Dungeon
  6554 | D:4      | Reached skill level 5 in Dodging
  6554 | D:4      | Reached skill level 5 in Unarmed Combat
  7278 | D:5      | Found Vaxaah's Jewellery Boutique.
  7297 | D:5      | Reached XP level 8. HP: 54/58 MP: 0/0
  7300 | D:5      | Found Coasyis's Armour Boutique.
  7509 | D:5      | Found Omnaerygh's General Store.
  7523 | D:5      | Found Diajaloj's Assorted Antiques.
  7788 | D:5      | HP: 2/58 [orc priest/divine providence (17)]
  8223 | D:5      | Found Detuaqemu's Jewellery Emporium.
  8267 | D:5      | Found a staircase to the Ecumenical Temple.
  8277 | Temple   | Entered the Ecumenical Temple
  8283 | Temple   | Became a worshipper of Cheibriados the Contemplative
  8314 | D:6      | Found a glowing drain.
  8386 | Sewer    | Entered a sewer
  8471 | Sewer    | Reached * piety under Cheibriados
  8665 | D:6      | Noticed Eustachio
  8687 | D:5      | Killed Eustachio
  8688 | D:5      | Reached skill level 5 in Fighting
  8688 | D:5      | Reached skill level 5 in Spellcasting
  9009 | D:6      | Found Cikkock's Elemental Accessories.
  9027 | D:6      | Noticed Blork the orc
  9040 | D:5      | Killed Blork the orc
  9041 | D:5      | Reached skill level 6 in Dodging
  9490 | D:6      | Reached XP level 9. HP: 64/65 MP: 0/0
  9490 | D:6      | Learned a level 3 spell: Lesser Beckoning
  9697 | D:6      | Reached ** piety under Cheibriados
 10996 | D:7      | Reached skill level 7 in Dodging
 11040 | D:7      | HP: 2/66 [electric eel/bolt of electricity (12)]
 11040 | D:7      | Killed from afar by an electric eel

Illustrated notes

Levels and vault maps discovered:
D:1:      psy_arrival_heroes, layout_basic, serial_shops,
          nicolae_shop_waterfront, shapermc_ecumenical_altar_mp_vishouse
D:2:      layout_basic
D:3:      layout_basic, uniq_ijyb
D:4:      layout_rooms, grunt_ministairs_12
D:5:      layout_rooms, temple_hall, serial_shops, shop, shop,
          nicolae_shop_crystal, shop, nicolae_shop_overgrown_old_shop
D:6:      layout_loops_cross, lemuel_mausoleum_altar_kikubaaqudgha,
          gup_sewer_entry_glass, hangedman_abyss_or_decor_slice, st_stairs_14,
          nicolae_elemental_shop, feat_on_display, uniq_eustachio,
          uniq_blork_the_orc
D:7:      layout_basic, serial_bayou, serial_bayou_pond_b, serial_bayou_lake_a,
          serial_bayou_pond_b, serial_bayou_pond_d, kennysheep_generic_room_13,
          uniq_prince_ribbit1
Temple:   nicolae_temple_the_god_donut

Skill      XL: |  1  2  3  4  5  6  7  8  9 |
---------------+----------------------------+-----
Spellcasting   | 2 3 4 5 6 |  6.5
Fighting       | 2 3 4 5 6 |  6.1
Dodging        | 3 4 5 6 7 |  7.0
Unarmed Combat | 4 5 6 |  6.7

Action                   |  1- 3 |  4- 6 |  7- 9 || total
-------------------------+-------+-------+-------++-------
Melee: Unarmed           |   132 |   129 |   310 ||   571
       Headbutt          |    15 |     3 |     8 ||    26
       Punch             |       |       |     1 ||     1
Throw: Stone             |       |    29 |     8 ||    37
 Cast: Beastly Appendage |    22 |    16 |     7 ||    45
       Spider Form       |     2 |     4 |    17 ||    23
       Ice Form          |       |       |    10 ||    10
       Summon Guardian G |       |       |     1 ||     1
       Wereblood         |       |       |     6 ||     6
 Abil: End Transformatio |       |       |     1 ||     1
Evoke: Wand              |       |     9 |       ||     9
  Use: Scroll            |     2 |     4 |     7 ||    13
       Potion            |       |       |     3 ||     3
 Stab: Sleeping          |       |       |     1 ||     1
Armor: Robe              |    19 |    17 |    21 ||    57
       Skin              |     2 |       |    17 ||    19
Dodge: Dodged            |    76 |    79 |   266 ||   421

Table legend: (Time is in decaauts)
 A = Elapsed time spent in this place.
 B = Non-inter-level travel time spent in this place.
 C = Inter-level travel time spent in this place.
 D = Time resting spent in this place.
 E = Time spent auto-exploring this place.
 F = Levels seen in this place.
 G = Mean time per level.
                   A        B        C        D        E       F      G
               +--------+--------+--------+--------+--------+-----+--------+
         Total |  11548 |  11044 |    504 |   3410 |   5856 |   9 | 1283.1 |
       Dungeon |  11219 |  10722 |    497 |   3410 |   5726 |   7 | 1602.7 |
        Temple |     14 |      8 |      6 |      0 |      0 |   1 |   14.0 |
         Sewer |    314 |    314 |      0 |      0 |    130 |   1 |  314.0 |
               +--------+--------+--------+--------+--------+-----+--------+

Top non-repeatable levels by time:
     D:2: 2064 daAuts
     D:5: 2047 daAuts
     D:4: 1981 daAuts
     D:6: 1735 daAuts
     D:3: 1445 daAuts
     D:1: 1417 daAuts
     D:7: 528 daAuts
   Sewer: 314 daAuts
  Temple: 14 daAuts
